 Dungeon Crawl Stone Soup version 0.29-a0-648-g6b26cc9f40 (webtiles) character file.

Game seed: 10158008820149366672

29 DocClef the Skirmisher (level 3, -1/24 HPs)
             Began as a Tengu Fighter on June 20, 2022.
             Slain by a gnoll
             ... wielding a +0 halberd
              (12 damage)
             ... on level 1 of the Dungeon.
             The game lasted 00:00:56 (1384 turns).

DocClef the Skirmisher (Tengu Fighter)              Turns: 1384, Time: 00:00:56

Health: -1/24      AC:  6    Str: 16    XL:     3   Next: 16%
Magic:  4/4        EV:  8    Int:  8    God:
Gold:   80         SH:  5    Dex: 15    Spells: 2/2 levels left

rFire   . . .      SeeInvis .   a - +0 long sword
rCold   . . .      Faith    .   c - +0 buckler
rNeg    . . .      Spirit   .   b - +0 scale mail
rPois   .          Reflect  .   (helmet restricted)
rElec   .          Harm     .   (no cloak)
rCorr   .          Rampage  .   (no gloves)
Will    .....                   (boots unavailable)
Stlth   ..........              (no amulet)
HPRegen 0.08/turn               (no ring)
MPRegen 0.09/turn               (no ring)

@: no status effects
A: beak, talons 3
a: no special abilities


You were on level 1 of the Dungeon.
You visited 1 branch of the dungeon, and saw 2 of its levels.

You collected 80 gold pieces.

Inventory:

Hand Weapons
 a - a +0 long sword (weapon)
Armour
 b - a +0 scale mail (worn)
 c - a +0 buckler (worn)
Scrolls
 e - a scroll of teleportation {unknown}
 g - a scroll of identify {unknown}
 i - a scroll of fog {unknown}
 j - a scroll of enchant weapon {unknown}
 k - a scroll of noise {unknown}
Potions
 d - 2 potions of might
 f - a potion of invisibility {unknown}
 h - 4 potions of curing {unknown}


   Skills:
 + Level 4.2 Fighting
 - Level 2.1 Long Blades
 - Level 3.2 Armour
 - Level 3.0 Shields


You had 2 spell levels left.
You didn't know any spells.
Your spell library was empty.

Dungeon Overview and Level Annotations

Branches:
Dungeon (2/15)

Altars:


Innate Abilities, Weirdness & Mutations

You have a beak for a mouth.
You have claws for feet.


Message History

A quokka comes into view.
A gnoll comes into view. It is wielding a +0 flail.
There is a stone staircase leading up here.
You barely miss the quokka. The quokka barely misses you.
You completely miss the quokka. You claw the quokka.
You kill the quokka!
Your library has no spells.
You block the gnoll's attack.
The gnoll hits you from afar with a +1 vorpal spear.
You climb upwards.
There is a stone staircase leading down here.
You hit the gnoll.
The gnoll is lightly wounded.
The gnoll barely misses you. The gnoll hits you with a +0 halberd.
You closely miss the gnoll. You claw the gnoll, but do no damage.
You peck the gnoll, but do no damage.
The gnoll is lightly wounded.
The gnoll hits you with a +0 halberd.
You are too injured to fight recklessly!
You are too injured to fight recklessly!
You are too injured to fight recklessly!
You are too injured to fight recklessly!
You are too injured to fight recklessly!
You are too injured to fight recklessly!
You are too injured to fight recklessly!
You are too injured to fight recklessly!
You are too injured to fight recklessly!
You are too injured to fight recklessly!
You are too injured to fight recklessly!
You are too injured to fight recklessly!
You are too injured to fight recklessly!
You are too injured to fight recklessly!
You hit the gnoll. Your kick misses the gnoll.
The gnoll is heavily wounded.
The gnoll barely misses you.
You barely miss the gnoll. Your kick misses the gnoll.
The gnoll is heavily wounded.
The gnoll hits you with a +0 halberd!
Ouch! That really hurt!
You die...

#...###...#.#.#
#.#.....#.#...#
##.##)#.##.##..#
#....###.......#
#..##)#.##.##.##
#..#.....#.##.# ## #####
#..........##.# #.
#...#####.....).##.##.###.
#........@###.#)##.##..†..
#..[####g........#.#######
##†## ##.###.#..#.#
###.### #.###......####
#...>.# #..)..........#
#.....################.#
#.......######## #.#
#.....#.#......# #.#
#.....#.#......# #.####


You could see a gnoll.

Vanquished Creatures
  A dart slug (D:1)
  2 bats (D:1)
  2 giant cockroaches (D:1)
  3 goblins (D:1)
  2 hobgoblins (D:1)
  3 quokkas
  A ball python (D:1)
  3 frilled lizards (D:1)
  4 kobolds (D:1)
  6 rats
27 creatures vanquished.

Notes
Turn   | Place    | Note
-------+----------+-------------------------------------------
     0 | D:1      | DocClef the Tengu Fighter began the quest for the Orb.
     0 | D:1      | Reached XP level 1. HP: 14/14 MP: 2/2
   383 | D:1      | Reached XP level 2. HP: 10/19 MP: 3/3
   811 | D:1      | Reached skill level 4 in Fighting
  1020 | D:1      | Reached XP level 3. HP: 24/24 MP: 4/4
  1384 | D:1      | Slain by a gnoll

Illustrated notes

Levels and vault maps discovered:
D:1:      lightli_molten_gateway, layout_loops_cross, minivault_14,
          minmay_tall_x
D:2:      layout_loops_corners, basic_altar,
          hellmonk_ecumenical_altar_watching_god, minmay_hexomino_c4

Skill      XL: |  1  2 |
---------------+-------+-----
Fighting       | 4 |  4.2
Long Blades    | |  2.1
Armour         | |  3.2
Shields        | |  3.0

Action                   || total
-------------------------++-------
Melee: Long sword        ||    59
       Kick              ||    12
       Peck              ||     5
Armor: Scale mail        ||    22
Dodge: Dodged            ||    13
Block: Buckler           ||     9

Table legend: (Time is in decaauts)
 A = Elapsed time spent in this place.
 B = Non-inter-level travel time spent in this place.
 C = Inter-level travel time spent in this place.
 D = Time resting spent in this place.
 E = Time spent auto-exploring this place.
 F = Levels seen in this place.
 G = Mean time per level.
                   A        B        C        D        E       F      G
               +--------+--------+--------+--------+--------+-----+--------+
         Total |   1404 |   1335 |     69 |      0 |   1172 |   2 |  702.0 |
       Dungeon |   1404 |   1335 |     69 |      0 |   1172 |   2 |  702.0 |
               +--------+--------+--------+--------+--------+-----+--------+

Top non-repeatable levels by time:
     D:1: 1383 daAuts
     D:2: 20 daAuts
